 Dungeon Crawl Stone Soup version 0.32-a0-872-g59262bdc9b (webtiles) character file.

Game seed: 6988891348783148883

79 601d51SH the Shield-Bearer (level 4, -4/41 HPs)
             Began as a Gnoll Fighter on Mar 31, 2024.
             Slain by Sigmund
             ... wielding a +3 heavy scythe
              (18 damage)
             ... on level 2 of the Dungeon.
             The game lasted 00:02:32 (1782 turns).

601d51SH the Shield-Bearer (Gnoll Fighter)          Turns: 1782, Time: 00:02:33

Health: -4/41      AC:  9    Str: 17    XL:     4   Next: 38%
Magic:  5/5        EV:  8    Int:  8    God:
Gold:   116        SH:  5    Dex: 11    Spells: 5/5 levels left

rFire   . . .        a - +0 war axe
rCold   . . .        c - +0 buckler
rNeg    . . .        b - +0 scale mail
rPois   .            k - +0 helmet
rElec   .            (no cloak)
rCorr   .            (no gloves)
SInv    .            (no boots)
Will    .....        (no amulet) Stlth
                     (no ring)
HPRegen 0.26/turn    (no ring)
MPRegen 0.09/turn

%: no passive effects
@: no status effects
A: fangs 1, strong nose, distributed training
a: no special abilities


You were on level 2 of the Dungeon.
You visited 1 branch of the dungeon, and saw 2 of its levels.

You collected 116 gold pieces.

Inventory:

Hand Weapons
 a - a +0 war axe (weapon)
 e - a +0 dagger of draining
Armour
 b - a +0 scale mail (worn)
 c - a +0 buckler (worn)
 k - a +0 helmet (worn)
Scrolls
 f - a scroll of acquirement {unknown}
 i - a scroll of immolation {unknown}
 j - a scroll of summoning {unknown}
 l - 4 scrolls of identify {unknown}
 n - a scroll of vulnerability {unknown}
 o - a scroll of fear {unknown}
 p - a scroll of teleportation {unknown}
Potions
 d - a potion of might
 g - a potion of invisibility {unknown}
 h - 2 potions of haste {unknown}
 m - 2 potions of curing {unknown}


   Skills:
 + Level 6.6 Fighting
 + Level 1.2 Short Blades
 + Level 1.2 Long Blades
 + Level 4.6 Axes
 + Level 1.2 Maces & Flails
 + Level 1.2 Polearms
 + Level 1.2 Staves
 + Level 1.2 Ranged Weapons
 + Level 1.2 Throwing
 + Level 6.6 Armour
 + Level 1.2 Dodging
 + Level 1.2 Stealth
 + Level 6.6 Shields
 + Level 1.2 Unarmed Combat
 + Level 1.2 Spellcasting
 + Level 1.0 Conjurations
 + Level 1.0 Hexes
 + Level 1.0 Summonings
 + Level 1.0 Necromancy
 + Level 1.0 Translocations
 + Level 1.0 Fire Magic
 + Level 1.0 Ice Magic
 + Level 1.0 Air Magic
 + Level 1.0 Earth Magic
 + Level 1.0 Alchemy
 + Level 1.3 Invocations
 + Level 1.2 Evocations
 + Level 1.1 Shapeshifting


You had 5 spell levels left.
You didn't know any spells.
Your spell library contained the following spells:

 Spells                   Type           Power      Damage    Failure   Level
 Magic Dart               Conj           8%         1d3       67%         1
 Sandblast                Erth           4%         2d4       67%         1
 Blink                    Tloc           4%         N/A       82%         2
 Call Imp                 Summ           4%         N/A       82%         2
 Stone Arrow              Conj/Erth      4%         3d7       96%         3
 Brom's Barrelling Bould  Conj/Erth      2%         2d3       100%        4


Dungeon Overview and Level Annotations

Branches:
Dungeon (2/15)

Altars:

Annotations:
D:2 Sigmund


Innate Abilities, Weirdness & Mutations

You have very sharp teeth.
Your uncanny sense of smell can sniff out nearby items.
Your experience applies equally to all skills.


Message History

No target in view!
No target in view!
You see here an adder corpse.
You pick up a book of Minor Magic and begin reading...
You add the spells Magic Dart, Blink and Call Imp to your library.
No target in view!
A kobold comes into view. It is wielding a +0 whip.
The kobold shouts!
An endoplasm comes into view.
You slash the kobold!
You kill the kobold!
Sigmund the Dreaded comes into view.
He is wielding a +3 heavy scythe.
Your Conjurations skill increases to level 1!
Your Hexes skill increases to level 1!
Your Summonings skill increases to level 1!
Your Necromancy skill increases to level 1!
Your Translocations skill increases to level 1!
Your Fire Magic skill increases to level 1!
Your Ice Magic skill increases to level 1!
Your Air Magic skill increases to level 1!
Your Earth Magic skill increases to level 1!
Your Alchemy skill increases to level 1!
Sigmund screams, "Only death can liberate you!"
You see here a +0 whip.
You hit the endoplasm.
The endoplasm is heavily wounded.
You block the endoplasm's attack.
Sigmund casts a spell.
Sigmund flickers and vanishes!
Deactivating autopickup; reactivate with Ctrl-A.
You hit the endoplasm.
You kill the endoplasm!
Something completely misses you.
You hit something but do no damage. Something hits you.
You closely miss something. Something hits you!
You closely miss something. You hit something. Something hits you!
You miss something. You hit something. Something hits you!!
You die...

... .# # # #.###.#.# ..#..
##.##.#.....##....
.......†...........
#####.#.#.###. ... ###.#.#
#.# #.....########.# #####
#.####........{# #...
###.......#####.@###.####.#
....##.#..#.#.).)..........
.......#...†.....#....#.#.
...######.#...#.......#
...# #.#...#......## ...#
#.#...#......####
...######.#...#...........
...##.........#.........##
...##.#...###.#.#..####.#


There were no monsters in sight!

Vanquished Creatures
  2 adders (D:2)
  A ribbon worm (D:2)
  6 endoplasms
  A giant cockroach (D:1)
  6 hobgoblins (D:1)
  3 jackals (D:1)
  5 kobolds
  A quokka (D:1)
  6 ball pythons
  6 bats
  5 frilled lizards (D:1)
  7 goblins
  6 rats
55 creatures vanquished.

Notes
Turn   | Place    | Note
-------+----------+-------------------------------------------
     0 | D:1      | 601d51SH the Gnoll Fighter began the quest for the Orb.
     0 | D:1      | Reached XP level 1. HP: 23/23 MP: 1/1
   114 | D:1      | Reached XP level 2. HP: 24/29 MP: 2/2
   420 | D:1      | Reached XP level 3. HP: 35/35 MP: 3/3
   520 | D:1      | Reached skill level 1 in Invocations
   680 | D:1      | Found a faded altar of an unknown god.
  1430 | D:2      | Reached skill level 1 in Short Blades
  1430 | D:2      | Reached skill level 1 in Long Blades
  1430 | D:2      | Reached skill level 1 in Maces & Flails
  1430 | D:2      | Reached skill level 1 in Polearms
  1430 | D:2      | Reached skill level 1 in Staves
  1430 | D:2      | Reached skill level 1 in Ranged Weapons
  1430 | D:2      | Reached skill level 1 in Throwing
  1430 | D:2      | Reached skill level 1 in Dodging
  1430 | D:2      | Reached skill level 1 in Stealth
  1430 | D:2      | Reached skill level 1 in Unarmed Combat
  1430 | D:2      | Reached skill level 1 in Spellcasting
  1430 | D:2      | Reached skill level 1 in Evocations
  1549 | D:2      | Reached skill level 1 in Shapeshifting
  1549 | D:2      | Reached XP level 4. HP: 29/41 MP: 5/5
  1770 | D:2      | Noticed Sigmund
  1771 | D:2      | Reached skill level 1 in Conjurations
  1771 | D:2      | Reached skill level 1 in Hexes
  1771 | D:2      | Reached skill level 1 in Summonings
  1771 | D:2      | Reached skill level 1 in Necromancy
  1771 | D:2      | Reached skill level 1 in Translocations
  1771 | D:2      | Reached skill level 1 in Fire Magic
  1771 | D:2      | Reached skill level 1 in Ice Magic
  1771 | D:2      | Reached skill level 1 in Air Magic
  1771 | D:2      | Reached skill level 1 in Earth Magic
  1771 | D:2      | Reached skill level 1 in Alchemy
  1782 | D:2      | Slain by Sigmund

Illustrated notes

Levels and vault maps discovered:
D:1:      tarquinn_simple_flora_water_b, layout_loops_ring,
          dreamdust_ecumenical_altar_angels_and_demons, serial_forest,
          infiniplex_forest_lined_3_way, infiniplex_forest_clump_large,
          infiniplex_forest_side_room, infiniplex_forest_straight_4,
          infiniplex_forest_join, infiniplex_forest_end_3,
          infiniplex_forest_clump_medium, infiniplex_forest_split,
          minmay_tromino_i4
D:2:      layout_basic, uniq_sigmund

Skill      XL: |  1  2  3  4 |
---------------+-------------+-----
Invocations    | 1 |  1.3
Short Blades   | 1 |  1.2
Long Blades    | 1 |  1.2
Maces & Flails | 1 |  1.2
Polearms       | 1 |  1.2
Staves         | 1 |  1.2
Ranged Weapons | 1 |  1.2
Throwing       | 1 |  1.2
Dodging        | 1 |  1.2
Stealth        | 1 |  1.2
Unarmed Combat | 1 |  1.2
Spellcasting   | 1 |  1.2
Evocations     | 1 |  1.2
Shapeshifting  | 1 |  1.1
Conjurations   | 1 |  1.0
Hexes          | 1 |  1.0
Summonings     | 1 |  1.0
Necromancy     | 1 |  1.0
Translocations | 1 |  1.0
Fire Magic     | 1 |  1.0
Ice Magic      | 1 |  1.0
Air Magic      | 1 |  1.0
Earth Magic    | 1 |  1.0
Alchemy        | 1 |  1.0
Fighting       | |  6.6
Axes           | |  4.6
Armour         | |  6.6
Shields        | |  6.6

Action                     |  1- 3 |  4- 6 || total
---------------------------+-------+-------++-------
  Melee: War axe           |   196 |    23 ||   219
         Bite              |    30 |     1 ||    31
 Armour: Scale mail        |   105 |    14 ||   119
  Dodge: Dodged            |    44 |     8 ||    52
  Block: Buckler           |    35 |     5 ||    40

Table legend: (Time is in decaauts)
 A = Elapsed time spent in this place.
 B = Non-inter-level travel time spent in this place.
 C = Inter-level travel time spent in this place.
 D = Time resting spent in this place.
 E = Time spent auto-exploring this place.
 F = Levels seen in this place.
 G = Mean time per level.
                   A        B        C        D        E       F      G
               +--------+--------+--------+--------+--------+-----+--------+
         Total |   1848 |   1823 |     25 |      0 |   1375 |   2 |  924.0 |
       Dungeon |   1848 |   1823 |     25 |      0 |   1375 |   2 |  924.0 |
               +--------+--------+--------+--------+--------+-----+--------+

Top non-repeatable levels by time:
     D:1: 1432 daAuts
     D:2: 415 daAuts
